 Dungeon Crawl Stone Soup version 0.29.0-4-gdea44cf6ec (webtiles) character file.

Game seed: 6151948851562788047

483 qw the Chopper (level 7, 0/54 HPs)
             Began as a Formicid Cinder Acolyte on Sept 4, 2022.
             Was an Elder of Ignis.
             Succumbed to a gnoll bouda's poison
             ... on level 4 of the Dungeon.
             The game lasted 00:01:35 (5030 turns).

qw the Chopper (Formicid Cinder Acolyte)            Turns: 5030, Time: 00:01:35

Health: 0/54       AC: 14    Str: 20    XL:     7   Next: 35%
Magic:  8/8        EV: 10    Int: 14    God:    Ignis [****..]
Gold:   260        SH:  0    Dex:  9    Spells: 8/8 levels left

rFire   + . .      SeeInvis +   Y - -1 hand axe (flame)
rCold   . . .      Faith    .   (no shield)
rNeg    . . .      Spirit   .   l - +0 swamp dragon scales
rPois   +          Reflect  .   (helmet unavailable)
rElec   .          Harm     .   (no cloak)
rCorr   .          Rampage  .   (no gloves)
Will    .....                   (no boots)
Stlth   ..........              (no amulet)
HPRegen 0.18/turn               (no ring)
MPRegen 0.11/turn               (no ring)

@: lethally poisoned (0 -> -3), weakened, fiery-armoured
A: permanent stasis, dig shafts and tunnels, antennae 3, four strong arms
a: Dig, Shaft Self, Renounce Religion, Fiery Armour, Foxfire Swarm, Rising Flame


You were on level 4 of the Dungeon.
You worshipped Ignis.
Ignis was greatly pleased with you.
You visited 1 branch of the dungeon, and saw 4 of its levels.

You collected 260 gold pieces.


Innate Abilities, Weirdness & Mutations

You cannot be hasted, slowed, berserked, paralysed or teleported.
You can dig through walls and to a lower floor.
You have a pair of large antennae on your head. (SInv)
Your four strong arms can wield two-handed weapons with a shield.


   Skills:
 - Level 4.0 Fighting
 - Level 7.1 Axes
 - Level 1.2 Throwing
 + Level 1.2 Armour
 - Level 1.0 Dodging
 - Level 1.1 Spellcasting
 - Level 3.0 Fire Magic


You had 8 spell levels left.
You didn't know any spells.
Your spell library contained the following spells:

 Spells                   Type           Power      Damage    Failure   Level
 Scorch                   Fire           18%        2d5       19%         2

Inventory:

Hand Weapons
 Y - a -1 hand axe of flaming (weapon)
Missiles
 g - 3 boomerangs (quivered)
Armour
 c - a +0 kite shield
 j - a +0 chain mail
 l - +0 swamp dragon scales (worn)
Jewellery
 h - a ring of ice
Scrolls
 a - 3 scrolls of identify
 e - a scroll of noise {unknown}
 f - a scroll of enchant armour {unknown}
Potions
 b - 2 potions of might
 d - a potion of mutation {unknown}
 k - 2 potions of resistance
 o - a potion of lignification {unknown}
 p - a potion of degeneration {unknown}

Dungeon Overview and Level Annotations

Branches:
Dungeon (4/15)
 Temple: D:4-7

Altars:
Ashenzari
Trog


Message History

You feel sick. The gnoll hits you but does no damage.
The gnoll hits you from afar with a +0 spear.
The gnoll bouda gazes fiercely through you!
You feel as though you will be weak longer.
The gnoll bouda hits you but does no damage.
The gnoll bouda is burned by your cloak of flames.
The gnoll bouda is severely wounded.
You hit the gnoll bouda but do no damage.
The gnoll bouda is severely wounded.
You feel sick.
The gnoll hits you from afar with a +0 spear.
The gnoll hits you but does no damage.
The gnoll bouda gazes fiercely through you!
You feel as though you will be weak longer.
The gnoll bouda hits you but does no damage.
You are lethally poisoned!
The gnoll bouda is burned by your cloak of flames.
The gnoll bouda is almost dead.
You hit the gnoll bouda but do no damage.
The gnoll bouda is almost dead.
You feel sick. The gnoll barely misses you. The gnoll closely misses you.
The gnoll bouda utters an invocation to its god.
The gnoll bouda is healed somewhat.
You hit the gnoll bouda. You burn the gnoll bouda.
The gnoll bouda is severely wounded.
You feel sick.
The gnoll hits you from afar with a +0 spear.
The gnoll hits you but does no damage.
The gnoll bouda hits you but does no damage.
You hit the gnoll bouda. You burn the gnoll bouda.
The gnoll bouda is almost dead.
You feel sick.
The gnoll is no longer moving quickly.
The gnoll hits you but does no damage. The gnoll barely misses you.
The gnoll bouda barks out a call to the hunt!
The gnoll picks up the pace!
You hit the gnoll bouda. You burn the gnoll bouda.
You kill the gnoll bouda!
You feel sick. The gnoll misses you. x2
Your Throwing skill increases to level 1!
You die...

#..#.............#..#....#....#..
#..#.............'..#....'....#..
##%#.............#..##...#....#..
O..........#######'#####'#....###
...........#.........'...#....#
...........#.........#...#....#
...........#############.#....#
###########.(..).g.....######..
#.....@......# ... #......g.....#
#....>.......# ##############


You could see 2 gnolls.

Vanquished Creatures
  A black bear (D:4)
  A necrophage (D:4)
  An orc priest (D:4)
  A gnoll bouda (D:4)
  Ijyb (D:3)
  2 iguanas (D:4)
  3 orc wizards (D:4)
  3 adders
  A gnoll (D:4)
  4 worms
  2 dart slugs
  4 orcs (D:4)
  4 bats
  7 endoplasms
  4 giant cockroaches
  9 goblins
  5 hobgoblins
  5 jackals
  6 kobolds
  4 quokkas
  6 ball pythons
  A frilled lizard (D:2)
  2 rats
77 creatures vanquished.

Notes
Turn   | Place    | Note
-------+----------+-------------------------------------------
     0 | D:1      | qw the Formicid Cinder Acolyte began the quest for the Orb.
     0 | D:1      | Reached XP level 1. HP: 18/18 MP: 2/2
     0 | D:1      | 0 ||| qw: Version: 0.1-a-103-gd6f5d3a
     0 | D:1      | 0 ||| qw: Game counter: 5524
     0 | D:1      | 0 ||| qw: Always use a shield: true
     0 | D:1      | 0 ||| qw: God list: Okawaru
     0 | D:1      | 0 ||| qw: Allow faded altars: false
     0 | D:1      | 0 ||| qw: Do Orc after D:15 true
     0 | D:1      | 0 ||| qw: Do second Lair branch before Depths: true
     0 | D:1      | 0 ||| qw: Lair rune preference: random
     0 | D:1      | 0 ||| qw: Plans: Normal
     0 | D:1      | 0 ||| PLANNING D:1-11
   285 | D:1      | Reached XP level 2. HP: 24/24 MP: 3/3
   339 | D:1      | 339 ||| Stepping ~*~*~tactically~*~*~ (stealth).
   340 | D:1      | 340 ||| Stepping ~*~*~tactically~*~*~ (stealth).
  1022 | D:1      | Reached skill level 4 in Axes
  1022 | D:1      | Reached XP level 3. HP: 20/29 MP: 4/4
  1229 | D:1      | 1229 ||| Stepping ~*~*~tactically~*~*~ (hiding).
  1331 | D:1      | 1331 ||| Stepping ~*~*~tactically~*~*~ (hiding).
  1433 | D:1      | 1433 ||| Stepping ~*~*~tactically~*~*~ (hiding).
  1625 | D:1      | Reached skill level 1 in Dodging
  1685 | D:1      | 1685 ||| UPGRADING to +0 ring mail.
  1695 | D:1      | 1695 ||| DROPPING +0 robe.
  1765 | D:2      | 1765 ||| DRINKING 2 blue potions.
  1847 | D:2      | 1847 ||| Stepping ~*~*~tactically~*~*~ (stealth).
  1859 | D:2      | Reached skill level 1 in Armour
  1972 | D:2      | 1972 ||| Stepping ~*~*~tactically~*~*~ (stealth).
  1976 | D:2      | Reached XP level 4. HP: 33/35 MP: 5/5
  1995 | D:2      | 1995 ||| Stepping ~*~*~tactically~*~*~ (stealth).
  2121 | D:2      | Found a broken altar of Ashenzari.
  2143 | D:2      | 2143 ||| Stepping ~*~*~tactically~*~*~ (stealth).
  2158 | D:2      | 2158 ||| INVOKING Fiery Armour.
  2554 | D:2      | 2554 ||| READING scroll labelled KAGEFI CERIK.
  2555 | D:2      | 2555 ||| READING scroll labelled TEGREE URCHEO.
  2556 | D:2      | 2556 ||| DRINKING 2 viscous purple potions.
  2657 | D:2      | 2657 ||| DROPPING potion of ambrosia.
  2826 | D:3      | Found a bloodstained altar of Trog.
  2936 | D:3      | Identified the +2 robe of Casurum {+Inv rC+ Will+}
  3238 | D:3      | 3238 ||| Stepping ~*~*~tactically~*~*~ (hiding).
  3260 | D:3      | Reached XP level 5. HP: 28/41 MP: 6/6
  3383 | D:3      | Noticed Ijyb
  3412 | D:3      | Killed Ijyb
  3413 | D:3      | Reached skill level 5 in Axes
  3607 | D:3      | 3607 ||| UPGRADING to +2 robe of Casurum {+Inv rC+ Will+}.
  3617 | D:3      | 3617 ||| DROPPING +0 ring mail.
  3618 | D:3      | 3618 ||| UPGRADING to +0 swamp dragon scales.
  3628 | D:3      | 3628 ||| DROPPING +2 robe of Casurum {+Inv rC+ Will+}.
  3629 | D:3      | 3629 ||| DROPPING ring of flight.
  3630 | D:3      | 3630 ||| READING scroll labelled RISAMOMESI.
  3774 | D:3      | 3774 ||| READING scroll labelled RAHEOSCH YCWI.
  3775 | D:3      | 3775 ||| READING scroll labelled SUTEOMOFAETO.
  3776 | D:3      | 3776 ||| READING 5 scrolls of identify.
  3776 | D:3      | 3776 ||| IDENTIFYING pink potion
  3777 | D:3      | 3777 ||| READING 4 scrolls of identify.
  3777 | D:3      | 3777 ||| IDENTIFYING murky yellow potion
  3778 | D:3      | 3778 ||| READING 3 scrolls of identify.
  3778 | D:3      | 3778 ||| IDENTIFYING fuming inky potion
  3779 | D:3      | 3779 ||| READING 2 scrolls of identify.
  3779 | D:3      | 3779 ||| IDENTIFYING fuming puce potion
  3780 | D:3      | 3780 ||| DROPPING potion of magic.
  3781 | D:3      | 3781 ||| DROPPING potion of invisibility.
  3932 | D:4      | 3932 ||| INVOKING Fiery Armour.
  3934 | D:4      | Noticed an ogre
  3935 | D:4      | 3935 ||| FLEEEEING.
  3936 | D:4      | 3936 ||| FLEEEEING.
  3938 | D:4      | 3938 ||| FLEEEEING.
  4156 | D:4      | Noticed a black bear
  4168 | D:4      | 4168 ||| INVOKING Fiery Armour.
  4169 | D:4      | Killed a black bear
  4170 | D:4      | Reached skill level 6 in Axes
  4170 | D:4      | Reached XP level 6. HP: 23/47 MP: 7/7
  4364 | D:4      | 4364 ||| INVOKING Fiery Armour.
  4591 | D:4      | 4591 ||| Stepping ~*~*~tactically~*~*~ (stealth).
  4610 | D:4      | Reached XP level 7. HP: 27/54 MP: 8/8
  4779 | D:4      | 4779 ||| Stepping ~*~*~tactically~*~*~ (hiding).
  4781 | D:4      | 4781 ||| Stepping ~*~*~tactically~*~*~ (hiding).
  4782 | D:4      | 4782 ||| Stepping ~*~*~tactically~*~*~ (hiding).
  4783 | D:4      | 4783 ||| Stepping ~*~*~tactically~*~*~ (hiding).
  4784 | D:4      | 4784 ||| Stepping ~*~*~tactically~*~*~ (hiding).
  4802 | D:4      | Reached skill level 7 in Axes
  5018 | D:4      | 5018 ||| INVOKING Fiery Armour.
  5021 | D:4      | HP: 13/54 [gnoll bouda/+0 whip of venom (6)]
  5022 | D:4      | 5022 ||| DRINKING potion of heal wounds.
  5026 | D:4      | HP: 7/54 [poisoned by a gnoll bouda]
  5027 | D:4      | HP: 3/54 [gnoll/+0 spear[a gnoll bouda] (2)]
  5029 | D:4      | HP: 1/54 [poisoned by a gnoll bouda]
  5030 | D:4      | Reached skill level 1 in Throwing
  5030 | D:4      | Succumbed to a gnoll bouda's poison

Levels and vault maps discovered:
D:1:      matt_arrival_refuge, layout_basic, chequers_serial_rivers_micro_b,
          chequers_serial_rivers_large_a, serial_bayou_crossing
D:2:      minmay_spotlight, layout_rooms, basic_altar
D:3:      layout_rooms, mainiacjoe_overflow_cross_hatched, uniq_ijyb
D:4:      layout_gridville, grunt_decor_arrowhead

Skill      XL: |  1  2  3  4  5  6  7 |
---------------+----------------------+-----
Axes           | 4 6 7 |  7.1
Dodging        | 1 |  1.0
Armour         | 1 |  1.2
Fighting       | 4 |  4.0
Throwing       | 1 |  1.2
Spellcasting   | |  1.1
Fire Magic     | |  3.0

Action                   |  1- 3 |  4- 6 |  7- 9 || total
-------------------------+-------+-------+-------++-------
Melee: Hand axe          |   100 |   150 |    37 ||   287
       Punch             |       |     2 |     1 ||     3
       Unarmed           |       |    15 |       ||    15
Throw: Boomerang         |       |       |     1 ||     1
Invok: Fiery Armour      |       |     4 |     1 ||     5
  Use: Potion            |     1 |     1 |     1 ||     3
       Scroll            |       |     9 |       ||     9
Armor: Robe              |    11 |       |       ||    11
       Ring mail         |    14 |    19 |       ||    33
       Swamp dragon scal |       |    38 |    28 ||    66
       Skin              |       |     3 |       ||     3
Dodge: Dodged            |    75 |    64 |    27 ||   166

Table legend:
 A = Non-vault XP
 B = Vault XP
 C = Vault XP percentage of total XP
 D = Non-vault monster count
 E = Vault monster count
 F = Vault count percentage of total count
                 A         B        C        D         E       F
            +---------+---------+-------+---------+---------+-------
      Total |     634 |      57 |   8.2 |      72 |       5 |   6.5
            +---------+---------+-------+---------+---------+-------
        D:1 |      44 |       0 |   0.0 |      24 |       0 |   0.0
        D:2 |      42 |      19 |  31.1 |      16 |       4 |  20.0
        D:3 |      36 |      38 |  51.4 |      11 |       1 |   8.3
        D:4 |     512 |       0 |   0.0 |      21 |       0 |   0.0
            +---------+---------+-------+---------+---------+-------
